 Dungeon Crawl Stone Soup version 0.30-a0-723-gc1506a1cf0 (webtiles) character file.

Game seed: 16257614839537722489

180 Hiru the Slasher (level 5, -8/33 HPs)
             Began as a Tengu Monk on Jan 28, 2023.
             Killed from afar by a steam dragon (10 damage)
             ... with a ball of steam
             ... on level 4 of the Dungeon.
             The game lasted 00:07:17 (2852 turns).

Hiru the Slasher (Tengu Monk)                       Turns: 2852, Time: 00:07:17

Health: -8/33      AC:  6    Str: 13    XL:     5   Next: 60%
Magic:  6/6        EV: 11    Int: 11    God:
Gold:   156        SH:  3    Dex: 16    Spells: 4/4 levels left

rFire   . . .      SeeInvis .    a - +0 falchion
rCold   . . .      Faith    .    d - +0 buckler
rNeg    . . .      Spirit   .    g - +0 scale mail
rPois   .          Reflect  .    (helmet restricted)
rElec   .          Harm     .    (no cloak)
rCorr   .          Rampage  .    (no gloves)
Will    .....                    (boots unavailable)
Stlth   +                        (no amulet)
HPRegen 0.25/turn                (no ring)
MPRegen 0.10/turn                (no ring)

@: flying quickly and evasively, quick
A: beak, talons 3, nimble flight
a: no special abilities


You were on level 4 of the Dungeon.
You visited 1 branch of the dungeon, and saw 4 of its levels.

You collected 156 gold pieces.

Inventory:

Hand Weapons
 a - a +0 falchion (weapon)
Armour
 b - a +0 plate armour
 d - a +0 buckler (worn)
 g - a +0 scale mail (worn)
Jewellery
 j - a +6 ring of intelligence
Wands
 c - a wand of digging (5)
 u - a wand of roots (4)
Scrolls
 e - a scroll of vulnerability {unknown}
 h - 3 scrolls of identify {unknown}
 i - a scroll of enchant weapon {unknown}
 k - a scroll of fear {unknown}
 n - 4 scrolls of teleportation {unknown}
 p - 2 scrolls of blinking {unknown}
 t - a scroll of enchant armour {unknown}
 v - a scroll of amnesia {unknown}
 w - 2 scrolls of torment {unknown}
Potions
 f - a potion of berserk rage {unknown}
 l - a potion of magic {unknown}
 m - 3 potions of heal wounds {unknown}
 o - a potion of flight {unknown}
 q - a potion of brilliance {unknown}
 r - a potion of curing {unknown}
 s - a potion of attraction {unknown}


   Skills:
 + Level 4.0 Fighting
 * Level 5.2 Long Blades
 + Level 2.6 Armour
 - Level 3.2 Dodging
 - Level 2.0 Stealth
 + Level 0.0 Shields


You had 4 spell levels left.
You didn't know any spells.
Your spell library contained the following spells:

 Spells                   Type           Power      Damage    Failure   Level
 Beastly Appendage        Tmut           0%         N/A       92%         1
 Lesser Beckoning         Tloc           0%         N/A       98%         2
 Wereblood                Tmut           0%         N/A       98%         2
 Gell's Gravitas          Tloc           0%         N/A       100%        3
 Spider Form              Tmut/Pois      0%         N/A       100%        3
 Summon Guardian Golem    Hex/Summ       0%         N/A       100%        3
 Teleport Other           Tloc           0%         N/A       100%        3
 Dispersal                Tloc           0%         N/A       100%        6
 Orb of Destruction       Conj           0%         9d5       100%        7
 Spellforged Servitor     Conj/Summ      0%         N/A       100%        7


Dungeon Overview and Level Annotations

Branches:
Dungeon (4/15)
 Temple: D:4-7

Altars:
Makhleb
Uskayaw

Shops:
D:3 (

Annotations:
D:2 Terence
D:3 1 runed translucent door, nono6's ghost, weakling SpEE


Innate Abilities, Weirdness & Mutations

You have a beak for a mouth.
You have claws for feet.
Your magical nature lets you fly swiftly and evasively.


Message History

The grasping roots constrict the steam dragon, but do no damage.
The steam dragon struggles to escape constriction.
Press: ? - help, v - describe, . - travel
Here: a steam dragon (constricted by roots)
The floor.
Okay, then.
Unknown command.
The roots lose their grip on something.
Found 5 stones.
You closely miss the steam dragon. The steam dragon bites you!
The steam dragon misses you.
You closely miss the steam dragon. Your kick misses the steam dragon.
You peck the steam dragon.
The steam dragon is lightly wounded.
The steam dragon bites you but does no damage.
The steam dragon claws you.
You hit the steam dragon. Your kick misses the steam dragon.
The steam dragon is moderately wounded.
The steam dragon breathes steam at you. The ball of steam misses you.
You hit the steam dragon but do no damage.
You claw the steam dragon, but do no damage.
You peck the steam dragon.
The steam dragon is moderately wounded.
You are engulfed in a cloud of scalding steam.
The steam dragon bites you.
The steam dragon claws you but does no damage.
You closely miss the steam dragon. You claw the steam dragon.
The steam dragon is moderately wounded.
You are engulfed in a cloud of scalding steam.
* * * LOW HITPOINT WARNING * * *
You block the steam dragon's attack. The steam dragon claws you.
* * * LOW HITPOINT WARNING * * *
You hit the steam dragon. You peck the steam dragon.
The steam dragon is heavily wounded.
You are engulfed in a cloud of scalding steam.
* * * LOW HITPOINT WARNING * * *
The steam dragon breathes steam at you. The ball of steam hits you!
You die...

#.##.......#
#.########.######### #.#
#.........# #+##
#.#######.# ...##
#..†..# #.# ....##
#.###.###.# .....##
#.........#
......####...#.#######.#
......+........D@§§...(.
......####...#.#######.#
.....## ##.##)## ....##
###...# ...## ##.#.#.#
#'#########.##.##.# #.#
#........#.# ## #.#
#.#####.#...#
#.###.#####.##.##


You could see a steam dragon (catching breath).

Vanquished Creatures
  An orc priest (D:2)
  An orc wizard (D:4)
  A gnoll (D:1)
  2 adders
  A worm (D:2)
  15 orcs
  4 ball pythons
  7 endoplasms
  4 giant cockroaches
  7 goblins
  8 hobgoblins
  8 kobolds
  5 quokkas
  4 bats
  4 frilled lizards
  5 rats
77 creatures vanquished.

Notes
Turn   | Place    | Note
-------+----------+-------------------------------------------
     0 | D:1      | Hiru the Tengu Monk began the quest for the Orb.
     0 | D:1      | Reached XP level 1. HP: 14/14 MP: 2/2
   102 | D:1      | Reached XP level 2. HP: 19/19 MP: 3/3
   178 | D:1      | Reached skill level 1 in Armour
   284 | D:1      | Reached XP level 3. HP: 21/23 MP: 4/4
   286 | D:1      | Reached skill level 4 in Long Blades
   813 | D:1      | Found a faded altar of an unknown god.
   892 | D:2      | Reached XP level 4. HP: 4/28 MP: 5/5
   934 | D:2      | Found a burning altar of Makhleb.
  1323 | D:2      | Noticed Terence
  2045 | D:3      | Found Vachymn's Weapon Shoppe.
  2119 | D:3      | Found a runed translucent door.
  2123 | D:3      | Gained mutation: Your magical nature lets you fly swiftly
                  | and evasively. [Tengu growth]
  2123 | D:3      | Reached XP level 5. HP: 30/33 MP: 6/6
  2154 | D:3      | Found a hide-covered altar of Uskayaw.
  2179 | D:3      | Noticed nono6's ghost (weakling SpEE)
  2397 | D:4      | Reached skill level 5 in Long Blades
  2672 | D:4      | Noticed a steam dragon
  2852 | D:4      | Killed from afar by a steam dragon

Illustrated notes

Levels and vault maps discovered:
D:1:      mrwooster_arrival_arrow, layout_basic,
          hellmonk_ecumenical_altar_prayer_group, minmay_octomino_j4
D:2:      layout_basic, basic_altar, uniq_terence
D:3:      layout_rooms, nicolae_uskayaw_dance_hall,
          hellmonk_ghost_happy_afterlife, serial_shops,
          nicolae_shop_window_shopping, minmay_misc_feat_room, corexii_shack
D:4:      layout_loops_corners

Skill      XL: |  1  2  3  4  5 |
---------------+----------------+-----
Armour         | 1 2 |  2.6
Long Blades    | 4 5 |  5.2
Fighting       | 4 |  4.0
Dodging        | |  3.2
Stealth        | |  2.0

Action                     |  1- 3 |  4- 6 || total
---------------------------+-------+-------++-------
  Melee: Falchion          |    58 |   101 ||   159
         Kick              |    17 |    31 ||    48
         Peck              |     7 |    10 ||    17
         Punch             |     1 |       ||     1
  Evoke: Wand              |       |     1 ||     1
    Use: Potion            |       |     1 ||     1
   Stab: Sleeping          |     2 |       ||     2
 Armour: Scale mail        |    17 |    29 ||    46
         Robe              |     1 |       ||     1
  Dodge: Dodged            |    23 |    39 ||    62
  Block: Buckler           |       |     2 ||     2

Table legend: (Time is in decaauts)
 A = Elapsed time spent in this place.
 B = Non-inter-level travel time spent in this place.
 C = Inter-level travel time spent in this place.
 D = Time resting spent in this place.
 E = Time spent auto-exploring this place.
 F = Levels seen in this place.
 G = Mean time per level.
                   A        B        C        D        E       F      G
               +--------+--------+--------+--------+--------+-----+--------+
         Total |   2812 |   2660 |    152 |      0 |   2013 |   4 |  703.0 |
       Dungeon |   2812 |   2660 |    152 |      0 |   2013 |   4 |  703.0 |
               +--------+--------+--------+--------+--------+-----+--------+

Top non-repeatable levels by time:
     D:2: 1045 daAuts
     D:1: 900 daAuts
     D:4: 459 daAuts
     D:3: 406 daAuts
